 Dungeon Crawl Stone Soup version 0.23.2-40-g277498a001 (webtiles) character file.

Game seed: 10283079563220891950

59 DildoBatman the Conjurer (level 4, -4/30 HPs)
             Began as a Formicid Wizard on Sept 17, 2019.
             Killed from afar by Sigmund (7 damage)
             ... with a magic dart
             ... on level 3 of the Dungeon.
             The game lasted 00:05:04 (2217 turns).

DildoBatman the Conjurer (Formicid Wizard)          Turns: 2217, Time: 00:05:05

Health: -4/30      AC:  2    Str: 11    XL:     4   Next: 22%
Magic:  0/8        EV: 12    Int: 19    God:
Gold:   60         SH:  0    Dex:  9    Spells: 2/9 levels left

rFire    . . .     SeeInvis +   d - +0 club
rCold    . . .     Gourm    .   (no shield)
rNeg     . . .     Faith    .   a - +0 robe
rPois    +         Spirit   .   (helmet unavailable)
rElec    .         Reflect  .   (no cloak)
rCorr    .         Harm     .   (no gloves)
MR       .....                  (no boots)
Stlth    ++........             (no amulet)
HPRegen  0.10/turn              h - ring of poison resistance
MPRegen  0.11/turn              (no ring)

@: no status effects
A: permanent stasis, dig shafts and tunnels, four strong arms, antennae 3
a: Dig, Shaft Self


You were on level 3 of the Dungeon.
You were very hungry.

You visited 1 branch of the dungeon, and saw 3 of its levels.

You collected 60 gold pieces.

Inventory:

Hand Weapons
 d - a +0 club (weapon)
 e - a +0 spear
Missiles
 c - 36 arrows
 f - 2 poisoned tomahawks
 k - 96 stones (quivered)
Armour
 a - a +0 robe (worn)
Jewellery
 h - a ring of poison resistance (left hand)
 l - an uncursed amulet of guardian spirit
Scrolls
 b - 4 scrolls of identify {unknown}
 g - 2 scrolls of remove curse {unknown}
 j - 2 scrolls of enchant weapon {unknown}
 n - a scroll of fear {unknown}
 o - a scroll of teleportation {unknown}
 q - a scroll of enchant armour {unknown}
Potions
 i - a potion of curing {unknown}
 m - a potion of might {unknown}
 p - a potion of heal wounds {unknown}
Comestibles
 r - a chunk of flesh
 v - 2 rations


   Skills:
 - Level 1.7 Dodging
 - Level 2.4 Stealth
 - Level 3.2 Spellcasting
 * Level 3.4 Conjurations
   Level 1.0 Summonings
   Level 0.8 Translocations


You had 2 spell levels left.
You knew the following spells:

 Your Spells              Type           Power        Failure   Level  Hunger
a - Conjure Flame         Conj/Fire      #.......     22%         3    ###....
c - Magic Dart            Conj           ###.         3%          1    None
e - Mephitic Cloud        Conj/Pois/Air  #.......     28%         3    ###....

Your spell library contained the following spells:

 Spells                   Type           Power        Failure   Level  Hunger
 Call Imp                 Summ           #.......     16%         2    ##.....
 Slow                     Hex            #.......     22%         2    ##.....
 Blink                    Tloc           Unusable     N/A         2    N/A

Dungeon Overview and Level Annotations

Branches:
Dungeon (3/15)

Altars:

Annotations:
D:2 2 exclusions, Jessica
D:3 1 exclusion, Sigmund


Innate Abilities, Weirdness & Mutations

You cannot be hasted, slowed, berserked, paralysed or teleported.
You can dig through walls and to a lower floor.
Your four strong arms can wield two-handed weapons with a shield.
You have a pair of large antennae on your head. (SInv)


Message History

The stinking cloud engulfs the hobgoblin but does no damage.
The stinking cloud engulfs Sigmund but does no damage.
The hobgoblin is engulfed in noxious fumes.
The hobgoblin appears confused.
The hobgoblin barely misses Sigmund.
Casting: Mephitic Cloud (safe; 28% risk of failure)
Confirm with . or Enter, or press ? or * to list all spells.
Aiming: Mephitic Cloud (safe; 28% risk of failure)
Press: ? - help, Shift-Dir - straight line, f/p - hobgoblin
Aim: a hobgoblin, wielding a +0 club (noxious fumes, moderately wounded, confused)
The ball explodes into a vile cloud!
The stinking cloud engulfs the hobgoblin but does no damage.
The hobgoblin is moderately wounded.
The stinking cloud engulfs Sigmund but does no damage.
The hobgoblin is engulfed in noxious fumes.
The hobgoblin appears confused.
A rat comes into view.
Sigmund gestures at you while chanting. The magic dart hits you!
You die...

### ##...# #r #..
#...÷. #.##.#
#####.....
#.#..######.........
#.#....@....#.......
#....########.##....
#....# #..##....
#....# #.#######
###@## ##.# #..#
###..# ##.####...##
#§##..@### #○#g.###
#@g.## #####


You could see Sigmund (invisible), a hobgoblin (confused) and a rat.

Vanquished Creatures
  2 adders (D:2)
  2 dart slugs (D:1)
  2 leopard geckos
  A ball python (D:1)
  6 bats
  3 giant cockroaches
  7 goblins
  2 hobgoblins (D:1)
  4 frilled lizards (D:2)
  A kobold (D:1)
  4 rats
34 creatures vanquished.

Notes
Turn   | Place    | Note
-------+----------+-------------------------------------------
     0 | D:1      | DildoBatman the Formicid Wizard began the quest for the
                  | Orb.
     0 | D:1      | Reached XP level 1. HP: 13/13 MP: 4/4
    43 | D:1      | Reached skill level 1 in Conjurations
   270 | D:1      | Reached XP level 2. HP: 19/19 MP: 3/6
   720 | D:1      | Reached XP level 3. HP: 15/24 MP: 5/7
   725 | D:1      | Learned a level 3 spell: Conjure Flame
   729 | D:1      | Learned a level 3 spell: Mephitic Cloud
  1739 | D:2      | Reached XP level 4. HP: 30/30 MP: 6/8
  2098 | D:3      | Noticed Jessica
  2145 | D:3      | Noticed Sigmund
  2199 | D:3      | HP: 1/30 [hobgoblin/+0 club (5)]
  2217 | D:3      | Killed from afar by Sigmund

Skill      XL: |  1  2  3 |
---------------+----------+-----
Conjurations   | 1 2 3 |  3.4
Dodging        | |  1.7
Stealth        | |  2.4
Spellcasting   | |  3.2
Summonings     | |  1.0
Translocations | |  0.8

Action                   |  1- 3 |  4- 6 || total
-------------------------+-------+-------++-------
Melee: Club              |    14 |       ||    14
 Cast: Magic Dart        |    63 |     7 ||    70
       Mephitic Cloud    |       |     4 ||     4
 Abil: Dig               |     1 |       ||     1
 Stab: Sleeping          |     1 |       ||     1
  Eat: Chunk             |     2 |     1 ||     3
Armor: Robe              |     4 |     2 ||     6
Dodge: Dodged            |    20 |     9 ||    29
